 Dungeon Crawl Stone Soup version 0.29.1-1-gd02db6906a (webtiles) character file.

Game seed: 2878742991212600795

384 sankara the Ruffian (level 6, -5/61 HPs)
             Began as a Troll Fighter on Oct 13, 2022.
             Was a Follower of Makhleb.
             Slain by a thrashing horror (10 damage)
             ... created by the touch of Lugonu
             ... on level 4 of the Dungeon.
             The game lasted 00:05:25 (2999 turns).

sankara the Ruffian (Troll Fighter)                 Turns: 2999, Time: 00:05:25

Health: -5/61      AC:  4    Str: 25    XL:     6   Next: 47%
Magic:  5/5        EV: 10    Int:  4    God:    Makhleb [*.....]
Gold:   201        SH:  0    Dex: 11    Spells: 5/5 levels left

rFire   . . .      SeeInvis .     - Unarmed
rCold   . . .      Faith    .   (no shield)
rNeg    . . .      Spirit   .   a - +0 robe
rPois   .          Reflect  .   (helmet restricted)
rElec   .          Harm     .   (no cloak)
rCorr   .          Rampage  .   (gloves unavailable)
Will    .....                   (boots unavailable)
Stlth   +.........              (no amulet)
HPRegen 1.00/turn               (no ring)
MPRegen 0.09/turn               (no ring)

@: no status effects
A: large, unfitting armour, claws 3, regeneration 1, shaggy fur 1, tough skin 1
a: Renounce Religion


You were on level 4 of the Dungeon.
You worshipped Makhleb.
Makhleb was aware of your devotion.
You visited 1 branch of the dungeon, and saw 4 of its levels.

You collected 201 gold pieces.

Inventory:

Hand Weapons
 h - a +2 dagger of speed
 s - a +1 dagger of venom
 t - a +0 sling
Missiles
 k - 40 stones (quivered)
 C - 2 boomerangs
 D - 6 poisoned darts
Armour
 a - a +0 robe (worn)
 b - a +0 kite shield
Jewellery
 j - a ring of see invisible
Wands
 p - a wand of polymorph (7)
Scrolls
 d - 5 scrolls of identify {unknown}
 f - 2 scrolls of noise {unknown}
 g - 2 scrolls of enchant armour {unknown}
 l - 2 scrolls of vulnerability {unknown}
 o - a scroll of brand weapon {unknown}
 r - a scroll of acquirement {unknown}
 u - a scroll of blinking {unknown}
 v - 2 scrolls of torment {unknown}
 x - 2 scrolls of teleportation {unknown}
 y - a scroll of amnesia {unknown}
 A - a scroll of summoning {unknown}
 E - a scroll of immolation {unknown}
Potions
 c - 2 potions of might
 e - 2 potions of heal wounds {unknown}
 i - a potion of mutation {unknown}
 m - a potion of berserk rage {unknown}
 n - 4 potions of curing {unknown}
 q - 2 potions of attraction {unknown}
 w - a potion of haste {unknown}
 z - a potion of brilliance {unknown}
 B - a potion of ambrosia {unknown}


   Skills:
 + Level 3.6 Fighting
 + Level 3.6 Dodging
 - Level 2.6 Shields
 * Level 5.1 Unarmed Combat


You had 5 spell levels left.
You didn't know any spells.
Your spell library was empty.

Dungeon Overview and Level Annotations

Branches:
Dungeon (4/15)             Temple (0/1) D:4

Altars:
Makhleb
Lugonu


Innate Abilities, Weirdness & Mutations

You are too large for most types of armour.
You have claws for hands.
Your natural rate of healing is unusually fast.
You are covered in fur. (AC +1)
You have tough skin. (AC +1)


Message History

The thrashing horror barely misses you.
The small abomination closely misses you.
You closely miss the small abomination.
The small abomination is severely damaged.
The thrashing horror roars!
The thrashing horror tramples you.
You hold your ground!
The thrashing horror tramples you but does no damage.
The small abomination hits you!
There are monsters nearby!
You are too injured to fight recklessly!
There are monsters nearby!
You are too injured to fight recklessly!
You are too injured to fight recklessly!
You barely miss the small abomination.
The small abomination is severely damaged.
The small abomination hits you.
You closely miss the small abomination.
The small abomination is severely damaged.
The thrashing horror tramples you.
You hold your ground!
The thrashing horror tramples you.
You hold your ground!
The small abomination hits you but does no damage.
You claw the small abomination!
The small abomination is almost destroyed.
The thrashing horror tramples you but does no damage.
The thrashing horror tramples you.
You hold your ground!
The small abomination hits you but does no damage.
You claw the small abomination!
You destroy the small abomination!
That felt strangely unrewarding.
The thrashing horror tramples you!
* * * LOW HITPOINT WARNING * * *
You hold your ground!
The thrashing horror tramples you!
* * * LOW HITPOINT WARNING * * *
You hold your ground!
You closely miss the thrashing horror. The thrashing horror misses you.
The thrashing horror tramples you but does no damage.
The thrashing horror barely misses you. The thrashing horror tramples you.
* * * LOW HITPOINT WARNING * * *
You hold your ground!
You barely miss the thrashing horror. The thrashing horror tramples you!
You die...

#.#......#.#.....#.###.
#####.#......#.#.#####.....
#.....#..###.#.#†# ###+##
#.>........#.#.#.######....
#.....#....#.#.#....#......
#.....#..#.#.#.#.#.##.#.... #
#.....#.####.#.#.#.##.####.
...#.##.....#................#
#.
#....).........X@..#.###.##..#
#.
.....######.########...#.....#
## #... #.# ###.####.##### #.#
#.# #........... # ..#
######.##### ### #.# #.# #.#
#.#


You could see a thrashing horror.

Vanquished Creatures
  A black bear (D:4)
  2 small abominations (D:4)
  A hound (D:4)
  2 orc wizards (D:4)
  4 gnolls (D:3)
  5 adders
  A worm (D:2)
  5 dart slugs
  12 orcs
  13 ball pythons
  9 bats
  7 endoplasms
  A giant cockroach (D:1)
  10 goblins
  5 hobgoblins
  9 jackals
  9 kobolds
  3 quokkas
  4 frilled lizards
  7 rats
110 creatures vanquished.

Notes
Turn   | Place    | Note
-------+----------+-------------------------------------------
     0 | D:1      | sankara the Troll Fighter began the quest for the Orb.
     0 | D:1      | Reached XP level 1. HP: 22/22 MP: 0/0
    30 | D:1      | Reached XP level 2. HP: 19/29 MP: 1/1
   414 | D:1      | Reached XP level 3. HP: 35/36 MP: 2/2
   438 | D:1      | Found a faded altar of an unknown god.
   650 | D:1      | Prayed at the altar of an unknown god.
   650 | D:1      | Became a worshipper of Lugonu the Unformed
   650 | D:1      | Reached * piety under Lugonu
   650 | D:1      | Reached ** piety under Lugonu
   697 | D:2      | Reached skill level 3 in Unarmed Combat
  1450 | D:3      | Reached XP level 4. HP: 44/44 MP: 3/3
  1580 | D:3      | Reached *** piety under Lugonu
  2036 | D:3      | Reached XP level 5. HP: 9/53 MP: 4/4
  2039 | D:3      | Reached skill level 4 in Unarmed Combat
  2304 | D:3      | Found a burning altar of Makhleb.
  2311 | D:3      | Fell from the grace of Lugonu
  2311 | D:3      | Became a worshipper of Makhleb the Destroyer
  2631 | D:4      | Found a staircase to the Ecumenical Temple.
  2681 | D:4      | Noticed a black bear
  2693 | D:4      | Killed a black bear
  2694 | D:4      | Reached XP level 6. HP: 38/61 MP: 5/5
  2830 | D:4      | Reached skill level 5 in Unarmed Combat
  2835 | D:4      | Reached * piety under Makhleb
  2989 | D:4      | Noticed a thrashing horror
  2989 | D:4      | Noticed a small abomination
  2997 | D:4      | Killed a small abomination
  2999 | D:4      | Slain by a thrashing horror

Illustrated notes

Levels and vault maps discovered:
D:1:      co_arrival_square_in_a_square_in_a_square, layout_loops_cross,
          basic_ecumenical_altar
D:2:      layout_basic
D:3:      layout_loops_corners, lightli_temple_of_fire,
          minmay_goblin_kobold_house
D:4:      layout_basic, minmay_temple_entry_glassed_door

Skill      XL: |  1  2  3  4  5  6 |
---------------+-------------------+-----
Unarmed Combat | 3 4 5 |  5.1
Dodging        | 3 |  3.6
Fighting       | 3 |  3.6
Shields        | |  2.6

Action                   |  1- 3 |  4- 6 || total
-------------------------+-------+-------++-------
Melee: Unarmed           |   118 |   191 ||   309
       Punch             |     1 |     6 ||     7
 Stab: Sleeping          |     2 |     1 ||     3
Armor: Robe              |    34 |    56 ||    90
Dodge: Dodged            |    67 |   111 ||   178
